 Dungeon Crawl Stone Soup version 0.31-a0-963-ga325b2283a (webtiles) character file.

Game seed: 8800531269495824909

240 p00ps00p the Trooper (level 6, -2/56 HPs)
             Began as a Hill Orc Fighter on Oct 24, 2023.
             Killed by divine providence
             ... invoked by an orc priest
              (13 damage)
             ... on level 4 of the Dungeon.
             The game lasted 00:05:05 (2794 turns).

p00ps00p the Trooper (Hill Orc Fighter)             Turns: 2794, Time: 00:05:06

Health: -2/56      AC:  8    Str: 21    XL:     6   Next: 8%
Magic:  6/6        EV:  9    Int:  8    God:
Gold:   153        SH:  4    Dex: 10    Spells: 5/5 levels left

rFire   . . .        a - +0 war axe
rCold   . . .        c - +0 buckler
rNeg    . . .        b - +0 scale mail
rPois   .            (no helmet)
rElec   .            (no cloak)
rCorr   .            e - +0 pair of gloves
SInv    .            (no boots)
Will    .....        (no amulet) Stlth
                     (no ring)
HPRegen 0.29/turn    (no ring)
MPRegen 0.10/turn

%: no passive effects
@: invisible
A: no striking features
a: no special abilities


You were on level 4 of the Dungeon.
You visited 1 branch of the dungeon, and saw 4 of its levels.

You collected 153 gold pieces.

Inventory:

Hand Weapons
 a - a +0 war axe (weapon)
Armour
 b - a +0 scale mail (worn)
 c - a +0 buckler (worn)
 e - a +0 pair of gloves (worn)
Wands
 f - a wand of digging (5)
 j - a wand of roots (8)
 l - a wand of mindburst (15)
Scrolls
 h - 2 scrolls of revelation
 i - a scroll of silence {unknown}
 o - a scroll of vulnerability
Potions
 d - a potion of might
 k - a potion of ambrosia
 m - a potion of brilliance
 n - a potion of curing {unknown}
 p - a potion of cancellation {unknown}


   Skills:
 + Level 5.0 Fighting
 + Level 4.6 Axes
 + Level 4.5 Armour
 + Level 4.5 Shields


You had 5 spell levels left.
You didn't know any spells.
Your spell library contained the following spells:

 Spells                   Type           Power      Damage    Failure   Level
 Inner Flame              Hex/Fire       0%         N/A       99%         3
 Yara's Violent Unravell  Hex/Tmut       0%         3d3       100%        5
 Enfeeble                 Hex            0%         N/A       100%        7


Dungeon Overview and Level Annotations

Branches:
Dungeon (4/15)
 Temple: D:4-7

Altars:
Wu Jian


Message History

The orc wizard is almost dead.
The orc wizard hits you but does no damage.
The orc priest mumbles some strange prayers to Beogh against you.
Beogh smites you!
You hear an angry hiss.
An orc wizard comes into view. It is wielding a +0 dagger.
You hit the orc but do no damage.
The orc wizard gestures wildly while chanting.
The orc wizard flickers and vanishes!
Deactivating autopickup; reactivate with Ctrl-A.
The orc hits you but does no damage.
Unknown command.
You hit the orc.
The orc is severely wounded.
The orc priest calls upon Beogh to heal the orc.
The orc's wounds heal themselves!
The orc barely misses you.
The orc wizard casts a spell.
The orc wizard flickers and vanishes!
Unknown command.
You hit the orc.
The orc is heavily wounded.
The orc hits you but does no damage.
Unknown command.
The orc priest threatens, "By the altar or by the axe, you will meet Beogh!"
You slash the orc!
You kill the orc!
The orc priest mumbles some strange prayers to Beogh against you.
Beogh smites you!
* * * LOW HITPOINT WARNING * * *
Something hits you.
* * * LOW HITPOINT WARNING * * *
You are too injured to fight recklessly!
Unknown command.
You are too injured to fight recklessly!
Unknown command.
You are too injured to fight recklessly!
You fade into invisibility!
The orc priest invokes the aid of Beogh against you.
Beogh smites you!
You die...

#..# #)..#.#
#†#..## # #..#
#..##.# ##.##.+ ##
#..# #.....#
#...#.## .# #..
##....#
#....#....# ..
####.# #..##+##..#
#)# #.# ##.#
#.####.#######.###
#.................
#@######...#######
#)# .. #


oo. ## >o##. #. .## ## ##. .. #..# #.. .. #..# #.# #. #..# #.# #..# #.# You
could see an orc priest (unable to see you) and 2 orcs.

Vanquished Creatures
  An orc priest (D:4)
  A hound (D:3)
  3 gnolls (D:3)
  9 adders
  A white imp (D:3)
  A worm (D:4)
  7 orcs
  8 ball pythons
  5 endoplasms
  2 giant cockroaches
  4 goblins
  6 hobgoblins
  6 kobolds
  5 frilled lizards
  6 rats
65 creatures vanquished.

Notes
Turn   | Place    | Note
-------+----------+-------------------------------------------
     0 | D:1      | p00ps00p the Hill Orc Fighter began the quest for the Orb.
     0 | D:1      | Reached XP level 1. HP: 19/19 MP: 1/1
   220 | D:1      | Reached XP level 2. HP: 27/27 MP: 2/2
   583 | D:2      | Reached skill level 4 in Fighting
   583 | D:2      | Reached XP level 3. HP: 33/33 MP: 3/3
  1316 | D:3      | Reached XP level 4. HP: 28/40 MP: 4/4
  1882 | D:3      | Reached XP level 5. HP: 32/47 MP: 5/5
  2571 | D:4      | Found an ornate altar of the Wu Jian Council.
  2787 | D:4      | Reached skill level 5 in Fighting
  2787 | D:4      | Reached XP level 6. HP: 39/56 MP: 6/6
  2794 | D:4      | Killed from afar by an orc priest

Illustrated notes

Levels and vault maps discovered:
D:1:      dpeg_arrival_pits, layout_basic, supply_closet_lemuel
D:2:      layout_basic
D:3:      layout_loops_ring
D:4:      layout_layer_cave, mainiacjoe_overflow_surrounded_room, serial_shops,
          nicolae_shop_waterfront, nicolae_shop_distant_corner_stores,
          minmay_pentangle

Skill      XL: |  1  2  3  4  5 |
---------------+----------------+-----
Axes           | 3 4 |  4.6
Fighting       | 4 5 |  5.0
Armour         | 4 |  4.5
Shields        | 4 |  4.5

Action                     |  1- 3 |  4- 6 || total
---------------------------+-------+-------++-------
  Melee: War axe           |    86 |   121 ||   207
    Use: Scroll            |     5 |     2 ||     7
         Potion            |       |     1 ||     1
 Armour: Scale mail        |    62 |    81 ||   143
  Dodge: Dodged            |    33 |    49 ||    82
  Block: Buckler           |    17 |    21 ||    38

Table legend: (Time is in decaauts)
 A = Elapsed time spent in this place.
 B = Non-inter-level travel time spent in this place.
 C = Inter-level travel time spent in this place.
 D = Time resting spent in this place.
 E = Time spent auto-exploring this place.
 F = Levels seen in this place.
 G = Mean time per level.
                   A        B        C        D        E       F      G
               +--------+--------+--------+--------+--------+-----+--------+
         Total |   2864 |   2774 |     90 |      0 |   2280 |   4 |  716.0 |
       Dungeon |   2864 |   2774 |     90 |      0 |   2280 |   4 |  716.0 |
               +--------+--------+--------+--------+--------+-----+--------+

Top non-repeatable levels by time:
     D:3: 1038 daAuts
     D:2: 742 daAuts
     D:4: 549 daAuts
     D:1: 532 daAuts
